[Event "13. Hungarian E-mail Semi Final"]
[Site "E4EC"]
[Date "2004.06.23"]
[Round "1"]
[White "Szabó, Zsolt"]
[Black "Bálint, Gergely"]
[Board "3916"]
[TimeControl "10/40"]
[WhiteElo "2275"]
[BlackElo "1800"]
[WhiteCountry "HUN"]
[BlackCountry "HUN"]
[Result "1-0"]

1.d4 d5 2.Nf3 Nf6 3.e3 g6 4.Bd3 Bg7 5.Nbd2 O-O 6.O-O Bf5 7.Bxf5 gxf5
8.c4 c6 9.b3 Qa5 10.a4 Nbd7 11.cxd5 Nxd5 12.Ba3 Rfe8 13.Nc4 Qa6
14.Qc2 e6 15.Nd6 Red8 16.Ng5 f6 17.Nxe6 1-0

[Event "13. Hungarian E-mail Semi Final"]
[Site "E4EC"]
[Date "2004.06.23"]
[Round "1"]
[White "Szabó, Zsolt"]
[Black "Fenyvesi, Miklós"]
[Board "3917"]
[TimeControl "10/40"]
[WhiteElo "2275"]
[BlackElo "1815"]
[WhiteCountry "HUN"]
[BlackCountry "HUN"]
[Result "1/2-1/2"]

1.e4 c5 2.c3 d5 3.exd5 Qxd5 4.d4 Nf6 5.Nf3 e6 6.Na3 Qd8 7.Bf4 Nc6
8.dxc5 Nd5 9.Bd6 Bxd6 10.cxd6 Qxd6 11.Bc4 Qe7 12.Qd2 O-O 13.O-O Nf6
14.Rad1 b6 15.Rfe1 Bb7 16.Qf4 Rfd8 17.Nb5 Rxd1 18.Rxd1 a6 19.Nd6 Na5
20.Bf1 Bd5 21.c4 Bxf3 22.Qxf3 Rd8 23.Ne4 Nxe4 24.Rxd8+ Qxd8
25.Qxe4 Qc8 26.c5 bxc5 27.Qe5 h5 28.Qxh5 Qc6 29.Qe2 c4 30.Qe5 Qa4
31.Qb8+ Kh7 32.Qc7 f5 33.Qe5 Qxa2 34.Qxe6 Qb1 35.Qxa6 Nb3 36.Qxc4 Qxb2
37.Qh4+ Kg6 38.Qg3+ Kh7 39.Qh4+ Kg6 40.Qg3+ Kh7 41.Qg5 Qc2 42.Qe3 Qd1
43.Qd3 Qxd3 44.Bxd3 g6 45.f4 Nc5 46.Be2 Kg7 47.Kf2 Kf6 48.h4 Ne4+
49.Ke3 Ng3 50.Bf3 Ke6 51.Be2 1/2-1/2